Description

When Lair Is Done Morph 2 Drop Lords And Fill Em With 16 Rings

Replay - Vs Protoss

Build Order

Get SALT Encoding   

  12  0:00  Drone  
  13  0:12  Overlord  
  13  0:17  Drone  Makes Gas
  14  0:30  Drone x3  Makes Pool
  14  0:32  Extractor  
  16  0:49  Spawning Pool  
  15  0:52  Drone x2  
  17  1:06  Drone  
  18  1:17  Drone  
  19  1:27  Overlord  
  19  1:36  Queen  
  19  1:37  Metabolic Boost  
  19  1:39  Zergling x2  Kill Pylon At Expo, Kill Pylon At Expo
  22  1:49  Drone  Makes Hatch
  23  2:00  Zergling x2  
  24  2:13  Lair  
  24  2:15  Hatchery  
  24  2:18  Zergling x2  
  24  2:23  Zergling x2  
  25  2:33  Zergling x2  
  26  2:45  Zergling x6  
  29  2:56  Overlord  
  29  3:07  Overlord  
  29  3:17  Overlord  This Overloard Gives 60 Supply Enough To Drone Up 2 Base + Sum
  29  3:22  Queen  
  31  3:27  Queen  
  31  3:29  Drone x4  
  37  3:38  Drone x2  
  39  3:50  Drone x4  
  43  3:56  Drone  
  40  4:08  Drone x3  
  42  4:16  Drone x4  
  44  4:22  Drone  
  46  4:29  Drone x2  
  45  4:32  Extractor x3  
  45  4:37  Drone x4  
  47  4:46  Drone  
  47  4:49  Roach Warren  
  47  4:50  Evolution Chamber x2  
  45  4:57  Drone x2  
  47  5:02  Drone x3  
  50  5:09  Drone x2  
  52  5:16  Hatchery  
  51  5:31  Spore Crawler x2  
Spawning Tool Build Advisor. Get it on Overwolf

Go to:

Details

  • Created by: huskaemaciyape
  • Published on: Dec 10, 2020
  • Modified on: Dec 10, 2020
  • Patch: 4.11.0
  • Difficulty: Easy
Show
View Real Time Build Order
Export as new Build Order

Comments (0)

There are no comments. Be the first!

Create an account to comment!